 Dungeon Crawl Stone Soup version 0.30-a0-626-gd6a5dd7a1f (webtiles) character file.

Game seed: 15657236385862228097

424 wormed the Changer (level 6, -1/38 HPs)
             Began as an Octopode Transmuter on Jan 11, 2023.
             Slain by an orc
             ... wielding a +0 flail
              (7 damage)
             ... on level 4 of the Dungeon.
             The game lasted 00:03:31 (2699 turns).

wormed the Changer (Octopode Transmuter)            Turns: 2699, Time: 00:03:32

Health: -1/38      AC: -3    Str:  9    XL:     6   Next: 96%
Magic:  8/11       EV: 13    Int: 17    God:
Gold:   225        SH:  0    Dex: 13    Spells: 9/12 levels left

rFire   . . .      SeeInvis +      - Unarmed
rCold   . . .      Faith    .    (no shield)
rNeg    . . .      Spirit   .    (helmet currently unavailable)
rPois   .          Reflect  .    (no amulet)
rElec   .          Harm     .    l - ring of see invisible
rCorr   .          Rampage  .    (no ring)
Will    .....                    (no ring)
Stlth   ++                       (no ring)
HPRegen 0.26/turn                (no ring)
MPRegen 0.12/turn                (no ring)
                                 (no ring)
                                 (no ring)

@: appendages, wereblooded, corroded
A: tentacle spike 3, almost no armour, amphibious, 8 rings, camouflage 1,
gelatinous body 1, (nimble swimmer 1), tentacles
a: End Transformation


You were on level 4 of the Dungeon.
One of your tentacles had grown a beastly spike.
You visited 1 branch of the dungeon, and saw 4 of its levels.

You collected 225 gold pieces.

Inventory:

Jewellery
 l - a ring of see invisible (left tentacle)
Scrolls
 j - 2 scrolls of teleportation
 m - 3 scrolls of identify
Potions
 a - 3 potions of lignification
 c - 2 potions of attraction
 d - a potion of berserk rage {unknown}
 e - a potion of haste {unknown}
 f - a potion of heal wounds {unknown}
 g - 3 potions of resistance {unknown}
 h - a potion of cancellation {unknown}
 i - a potion of curing {unknown}


   Skills:
 - Level 1.0 Fighting
 - Level 2.0 Dodging
 - Level 3.0 Unarmed Combat
 + Level 3.6 Spellcasting
 * Level 5.2 Transmutations
 + Level 3.1 Ice Magic


You had 9 spell levels left.
You knew the following spells:

 Your Spells              Type           Power      Damage    Failure   Level
a - Beastly Appendage     Tmut           42%        N/A       1%          1
b - Wereblood             Tmut           21%        N/A       2%          2

Your spell library contained the following spells:

 Spells                   Type           Power      Damage    Failure   Level
 Passwall                 Tmut/Erth      10%        N/A       9%          2
 Sandblast                Erth           6%         2d5       17%         1
 Spider Form              Tmut/Pois      12%        N/A       17%         3
 Ice Form                 Ice/Tmut       17%        N/A       28%         4
 Stone Arrow              Conj/Erth      6%         3d7       45%         3
 Leda's Liquefaction      Hex/Erth       1%         N/A       86%         4
 Lee's Rapid Deconstruct  Erth           1%         3d4*      99%         5
 Statue Form              Tmut/Erth      8%         N/A       100%        6


Dungeon Overview and Level Annotations

Branches:
Dungeon (4/15)
 Temple: D:4-7

Altars:
Dithmenos
Wu Jian
Yredelemnul

Shops:
D:3 [


Innate Abilities, Weirdness & Mutations

One of your tentacles has grown a beastly spike.
You cannot wear most types of armour.
You are amphibious.
You can wear up to eight rings at the same time.
Your skin changes colour to match your surroundings (Stealth+).
Your rubbery body absorbs attacks. (AC +1, EV +1)
((You are camouflaged when in or above water. (Stealth+)))
You have tentacles for arms and can constrict up to eight enemies at once.


Message History

Casting: Wereblood (safe; 3% risk of failure)
Confirm with . or Enter, or press ? or * to list all spells.
One of your tentacles grows a vicious spike.
The orc shouts!
You hear an angry hiss.
A ball python comes into view.
Casting: Beastly Appendage (safe; 1% risk of failure)
Confirm with . or Enter, or press ? or * to list all spells.
Your blood is infused with primal strength.
The jelly jiggles.
The jelly hits you. The acid corrodes you!
You are splashed with acid.
You tentacle-slap the jelly.
Your tentacles burn!
You pierce the jelly.
You squeeze the jelly!
The jelly is severely wounded.
The jelly completely misses you.
An orc wizard comes into view. It is wielding a +0 dagger.
The orc wizard shouts!
You tentacle-slap the jelly but do no damage.
Your tentacles burn!
You pierce the jelly.
You squeeze the jelly.
The jelly is almost dead.
The jelly hits you.
You are splashed with acid!
You are too injured to fight recklessly!
You are too injured to fight recklessly!
You tentacle-slap the jelly.
You feel a bit better.
You kill the jelly!
An orc priest comes into view. It is wielding a +0 hand axe.
You tentacle-slap the orc. Your grab misses the orc.
Your squeeze misses the orc.
The orc is heavily wounded.
The orc closely misses you.
You tentacle-slap the orc but do no damage.
Your grab misses the orc.
Your tentacle spike misses the orc.
Your squeeze misses the orc.
The orc is heavily wounded.
You howl as the wereblood boils in your veins!
The orc hits you with a +0 flail!
The orc priest mumbles some strange prayers to Beogh against you.
Beogh smites you!
* * * LOW HITPOINT WARNING * * *
The orc hits you with a +0 flail!
You die...

#.......#.####.#
#.##........##.. ##.....####
#.# #.##........##.. ##...##
#.# #.##.........#.. #.....#
### #.###..+...........#
##...##
#.###.#.##.#............
##.#####..........†.#.#####....
#...##...###.#....#.#.........#
.###.##..###
#.#.####.#.###.###.# ........##
#.#@.....#.# #.# #<. #########
#..oo....#.# #.# #..
#..S.....#.# ### ##.
........o.... #. #.###..o.#.##.
#. #. ..##.#.# #. # #.# .# # ##
#.# .#


You could see an orc priest, an orc wizard, 2 orcs and a ball python.

Vanquished Creatures
  Edmund (D:4)
  A black bear (D:4)
  A scorpion (D:4)
  A hound (D:4)
  A jelly (D:4)
  3 adders
  2 dart slugs
  2 worms
  12 endoplasms
  2 giant cockroaches
  8 goblins
  6 hobgoblins
  3 jackals (D:1)
  2 quokkas
  5 ball pythons
  7 bats
  3 frilled lizards (D:2)
  7 kobolds
  4 rats
71 creatures vanquished.

Vanquished Creatures (others)
  2 plants (D:1)
2 creatures vanquished.

Grand Total: 73 creatures vanquished

Notes
Turn   | Place    | Note
-------+----------+-------------------------------------------
     0 | D:1      | wormed the Octopode Transmuter began the quest for the Orb.
     0 | D:1      | Reached XP level 1. HP: 13/13 MP: 3/3
    71 | D:1      | Reached XP level 2. HP: 15/18 MP: 3/5
   125 | D:1      | You fall into a shaft and drop 1 floor!
   129 | D:2      | Learned a level 2 spell: Wereblood
   358 | D:2      | Reached skill level 1 in Ice Magic
   360 | D:2      | Reached XP level 3. HP: 17/23 MP: 3/6
   519 | D:1      | Reached skill level 3 in Transmutations
  1310 | D:3      | Reached XP level 4. HP: 26/28 MP: 7/7
  1467 | D:3      | Found a shadowy altar of Dithmenos.
  1495 | D:3      | Found a basalt altar of Yredelemnul.
  1852 | D:3      | Found Aniafrav's Armour Boutique.
  2181 | D:4      | Noticed Edmund
  2198 | D:4      | Reached XP level 5. HP: 12/33 MP: 9/9
  2293 | D:4      | Noticed a black bear
  2309 | D:4      | Killed Edmund
  2310 | D:4      | Reached skill level 4 in Transmutations
  2310 | D:4      | Reached XP level 6. HP: 28/38 MP: 8/10
  2319 | D:4      | Killed a black bear
  2320 | D:4      | Reached skill level 5 in Transmutations
  2416 | D:4      | Found an ornate altar of the Wu Jian Council.
  2699 | D:4      | Slain by an orc

Illustrated notes

Levels and vault maps discovered:
D:1:      psy_arrival_fountain, layout_rooms, nicolae_titane
D:2:      layout_rooms
D:3:      layout_basic, chequers_temple_overflow_statue_of_worship,
          serial_shops, shop, grunt_decor_junction
D:4:      layout_basic, nicolae_wu_jian_glorious_leap,
          nicolae_figureground_sparkle, uniq_edmund, uniq_natasha

Skill      XL: |  1  2  3  4  5  6 |
---------------+-------------------+-----
Ice Magic      | 1 2 3 |  3.1
Transmutations | 3 4 5 |  5.2
Spellcasting   | 3 |  3.6
Fighting       | |  1.0
Dodging        | |  2.0
Unarmed Combat | |  3.0

Action                   |  1- 3 |  4- 6 || total
-------------------------+-------+-------++-------
Melee: Unarmed           |    91 |    73 ||   164
       Constrict         |    28 |    10 ||    38
       Kick              |    20 |    12 ||    32
       Tentacles         |    13 |    10 ||    23
       Punch             |     1 |     1 ||     2
 Cast: Beastly Appendage |    10 |    14 ||    24
       Wereblood         |    10 |    13 ||    23
  Use: Scroll            |     2 |     3 ||     5
       Potion            |       |     1 ||     1
 Stab: Sleeping          |     4 |     1 ||     5
Armor: Skin              |    11 |    61 ||    72
Dodge: Dodged            |    51 |    23 ||    74

Table legend: (Time is in decaauts)
 A = Elapsed time spent in this place.
 B = Non-inter-level travel time spent in this place.
 C = Inter-level travel time spent in this place.
 D = Time resting spent in this place.
 E = Time spent auto-exploring this place.
 F = Levels seen in this place.
 G = Mean time per level.
                   A        B        C        D        E       F      G
               +--------+--------+--------+--------+--------+-----+--------+
         Total |   2687 |   2650 |     37 |    100 |   2055 |   4 |  671.8 |
       Dungeon |   2687 |   2650 |     37 |    100 |   2055 |   4 |  671.8 |
               +--------+--------+--------+--------+--------+-----+--------+

Top non-repeatable levels by time:
     D:3: 883 daAuts
     D:1: 726 daAuts
     D:4: 568 daAuts
     D:2: 509 daAuts
